 Dungeon Crawl Stone Soup version 0.30-a0-737-gf23d94013f (webtiles) character file.

Game seed: 4458423862452321007

137 Newt the Cutter (level 5, -1/41 HPs)
             Began as a Demonspawn Gladiator on Feb 2, 2023.
             Was a Follower of Dithmenos.
             Slain by an orc priest
             ... wielding a +0 morningstar
              (13 damage)
             ... on level 3 of the Dungeon.
             The game lasted 00:03:31 (2625 turns).

Newt the Cutter (Demonspawn Gladiator)              Turns: 2625, Time: 00:03:31

Health: -1/41      AC:  5    Str: 14    XL:     5   Next: 0%
Magic:  5/5        EV: 12    Int: 10    God:    Dithmenos [*.....]
Gold:   111        SH:  0    Dex: 16    Spells: 4/4 levels left

rFire   . . .      SeeInvis .    a - +1 rapier
rCold   . . .      Faith    .    (no shield)
rNeg    . . .      Spirit   .    b - +0 leather armour
rPois   .          Reflect  .    c - +0 helmet
rElec   .          Harm     .    j - +0 cloak
rCorr   .          Rampage  .    (no gloves)
Will    .....                    (no boots)
Stlth   +++                      (no amulet)
HPRegen 0.26/turn                (no ring)
MPRegen 0.09/turn                (no ring)

@: wreathed by umbra
A: hooves 1
a: Renounce Religion


You were on level 3 of the Dungeon.
You worshipped Dithmenos.
Dithmenos was aware of your devotion.
You visited 1 branch of the dungeon, and saw 3 of its levels.

You collected 111 gold pieces.

Inventory:

Hand Weapons
 a - a +1 rapier (weapon)
Missiles
 d - a throwing net (quivered)
 k - 10 stones
 p - 11 poisoned darts
Armour
 b - a +0 leather armour (worn)
 c - a +0 helmet (worn)
 j - a +0 cloak (worn)
 l - a +1 pair of boots
 q - a +2 scale mail of willpower
Wands
 h - a wand of digging (5)
Scrolls
 g - 3 scrolls of teleportation
Potions
 f - a potion of degeneration
 i - 2 potions of curing
 m - a potion of haste
 o - a potion of flight
 r - a potion of ambrosia


   Skills:
 - Level 3.0 Fighting
 + Level 3.6 Short Blades
 - Level 1.7 Throwing
 - Level 2.6 Dodging
 - Level 3.1 Stealth


You had 4 spell levels left.
You didn't know any spells.
Your spell library contained the following spells:

 Spells                   Type           Power      Damage    Failure   Level
 Freeze                   Ice            0%         1d3       43%         1
 Frozen Ramparts          Ice            0%         1d1       82%         3
 Hailstorm                Conj/Ice       0%         3d3       82%         3


Dungeon Overview and Level Annotations

Branches:
Dungeon (3/15)

Altars:
Dithmenos
Xom

Shops:
D:3 (


Innate Abilities, Weirdness & Mutations

You have large cloven feet.


Message History

The orc wizard is lightly wounded.
You puncture the orc wizard!
The orc wizard is heavily wounded.
The orc wizard closely misses you.
You hit the orc wizard.
You kick the orc wizard, but do no damage.
The orc wizard is almost dead.
You hit the orc wizard.
You kill the orc wizard!
Dithmenos accepts your kill.
You have reached level 5!
You start resting.
Your extra speed is starting to run out.
You start resting.
You flicker for a moment.
You start resting.
You feel yourself slow down.
You start resting.
You flicker back into view.
You start resting.
An orc priest is nearby!
An orc priest is nearby!
The orc priest shouts!
The orc priest closely misses you.
You hit the orc priest. Your kick misses the orc priest.
The orc priest is moderately wounded.
You closely miss the orc priest.
You kick the orc priest, but do no damage.
The orc priest is moderately wounded.
The orc priest closely misses you.
You hit the orc priest.
The orc priest is moderately wounded.
The orc priest hits you with a +0 morningstar.
The orc hits you with a +0 dagger.
* * * LOW HITPOINT WARNING * * *
You hit the orc priest but do no damage.
You kick the orc priest, but do no damage.
The orc priest is moderately wounded.
The orc priest hits you with a +0 morningstar!
You die...

#.####.#.#.#.# #.# #<.#...#.#
#.###..#####.#
#............#######
##########################.......
...................#.............
##################.#.####........
#.)..o#.#.#..#........
#.###@#.#....#........
#.#..o#.###.##........ ########
#.#...#.# #.##........ .......#
#.#...#.# #.##.####.#. .......#
###.....#.# #.##.# #...
.......###...#.#.#.# #.##.# #.#.
..>....{.........#.###.##.#######
....).o..........................
....r.(###...#.#.#.###.#######...


You could see an orc priest and an orc.

Vanquished Creatures
  An orc priest (D:3)
  An orc wizard (D:3)
  Ijyb (D:3)
  2 adders
  2 worms (D:3)
  5 endoplasms
  A giant cockroach (D:1)
  3 goblins
  6 hobgoblins
  3 kobolds
  3 quokkas
  A ball python (D:2)
  A bat (D:1)
  6 rats
36 creatures vanquished.

Notes
Turn   | Place    | Note
-------+----------+-------------------------------------------
     0 | D:1      | Newt the Demonspawn Gladiator began the quest for the Orb.
     0 | D:1      | Reached XP level 1. HP: 16/16 MP: 1/1
    35 | D:1      | Found a faded altar of an unknown god.
   242 | D:1      | Reached skill level 1 in Stealth
   499 | D:1      | Gained mutation: You have large cloven feet. [demonic
                  | ancestry]
   499 | D:1      | Reached XP level 2. HP: 22/22 MP: 2/2
   747 | D:1      | Prayed at the altar of an unknown god.
   747 | D:1      | Became a worshipper of Dithmenos the Shadowed
   747 | D:1      | Reached * piety under Dithmenos
  1474 | D:2      | You fall into a shaft and drop 1 floor!
  1512 | D:3      | Found Deynem's Weapon Shoppe.
  1568 | D:3      | Reached XP level 3. HP: 24/27 MP: 3/3
  1712 | D:3      | Noticed Ijyb
  1742 | D:3      | Killed Ijyb
  2108 | D:3      | Found a shimmering altar of Xom.
  2142 | D:3      | Reached XP level 4. HP: 35/35 MP: 4/4
  2568 | D:3      | Reached XP level 5. HP: 9/41 MP: 5/5
  2625 | D:3      | Slain by an orc priest

Illustrated notes

Levels and vault maps discovered:
D:1:      dpeg_arrival_court, layout_loops_cross, nicolae_ecumenical_lake_church
D:2:      layout_basic, minmay_misc_feat_plants
D:3:      layout_basic, mainiacjoe_overflow_24_doors, serial_shops, shop,
          uniq_ijyb

Skill      XL: |  1  2  3  4 |
---------------+-------------+-----
Stealth        | 1 2 3 |  3.1
Fighting       | 3 |  3.0
Short Blades   | 3 |  3.6
Throwing       | |  1.7
Dodging        | |  2.6

Action                     |  1- 3 |  4- 6 || total
---------------------------+-------+-------++-------
  Melee: Rapier            |    85 |    33 ||   118
         Punch             |     1 |       ||     1
         Kick              |    16 |    12 ||    28
  Throw: Dart              |     6 |     7 ||    13
         Throwing net      |     2 |     2 ||     4
         Javelin           |       |     1 ||     1
    Use: Scroll            |     9 |     1 ||    10
         Potion            |     1 |     3 ||     4
   Stab: Sleeping          |     5 |     1 ||     6
         Held in net/web   |     1 |       ||     1
 Armour: Leather armour    |    20 |    13 ||    33
  Dodge: Dodged            |    54 |    34 ||    88

Table legend: (Time is in decaauts)
 A = Elapsed time spent in this place.
 B = Non-inter-level travel time spent in this place.
 C = Inter-level travel time spent in this place.
 D = Time resting spent in this place.
 E = Time spent auto-exploring this place.
 F = Levels seen in this place.
 G = Mean time per level.
                   A        B        C        D        E       F      G
               +--------+--------+--------+--------+--------+-----+--------+
         Total |   2613 |   2502 |    111 |    333 |   1783 |   3 |  871.0 |
       Dungeon |   2613 |   2502 |    111 |    333 |   1783 |   3 |  871.0 |
               +--------+--------+--------+--------+--------+-----+--------+

Top non-repeatable levels by time:
     D:3: 1135 daAuts
     D:1: 845 daAuts
     D:2: 632 daAuts
